 Dungeon Crawl Stone Soup version 0.30.0 (webtiles) character file.

Game seed: 17724774969868880890

568 Dani the Chopper (level 7, 52/52 HPs)
             Began as a Demonspawn Fighter on May 20, 2023.
             Quit the game on level 5 of the Dungeon.
             The game lasted 00:04:39 (2402 turns).

Dani the Chopper (Demonspawn Fighter)               Turns: 2402, Time: 00:04:40

Health: 52/52      AC: 13    Str: 16    XL:     7   Next: 11%
Magic:  7/7        EV:  8    Int: 12    God:
Gold:   155        SH:  4    Dex: 12    Spells: 6/6 levels left

rFire   . . .        a - +1 war axe (spect)
rCold   . . .        c - +0 buckler
rNeg    . . .        b - +0 scale mail
rPois   .            (no helmet)
rElec   .            m - +0 cloak
rCorr   .            (no gloves)
SInv    .            (no boots)
Will    .....        g - amulet of the acrobat Stlth
                     n - +4 ring of protection
HPRegen 0.28/turn    (no ring)
MPRegen 0.20/turn

%: acrobat
@: no status effects
A: yellow scales 1, magic regeneration, weakness stinger 1
a: no special abilities


You were on level 5 of the Dungeon.
You visited 1 branch of the dungeon, and saw 4 of its levels.

You collected 155 gold pieces.

Inventory:

Hand Weapons
 a - a +1 spectral war axe (weapon)
Armour
 b - a +0 scale mail (worn)
 c - a +0 buckler (worn)
 m - a +0 cloak (worn)
   (You found it on level 5 of the Dungeon)
Jewellery
 g - an amulet of the acrobat (around neck)
   (You found it on level 1 of the Dungeon)
 h - a ring of ice
   (You took it off an orc on level 3 of the Dungeon)
 n - a +4 ring of protection (left hand)
   (You found it on level 5 of the Dungeon)
Scrolls
 i - a scroll of fog
 o - a scroll of vulnerability {unknown}
 R - a scroll of identify {@r1}
 T - 2 scrolls of teleportation
Potions
 d - 3 potions of curing {unknown}
 e - a potion of lignification {unknown}
 f - a potion of magic {unknown}
 j - a potion of berserk rage {unknown}
 k - a potion of mutation {unknown}
 l - a potion of degeneration {unknown}


   Skills:
 - Level 3.0 Fighting
 + Level 7.2 Axes
 - Level 2.6 Armour
 - Level 2.6 Shields


You had 6 spell levels left.
You didn't know any spells.
Your spell library contained the following spells:

 Spells                   Type           Power      Damage    Failure   Level
 Freeze                   Ice            0%         1d3       83%         1
 Magic Dart               Conj           0%         1d3       83%         1
 Call Imp                 Summ           0%         N/A       93%         2
 Frozen Ramparts          Ice            0%         1d1       99%         3
 Hailstorm                Conj/Ice       0%         3d3       99%         3
 Mephitic Cloud           Conj/Pois/Air  0%         N/A       99%         3


Dungeon Overview and Level Annotations

Branches:
Dungeon (3/15)

Altars:
Dithmenos


Innate Abilities, Weirdness & Mutations

You are partially covered in yellow scales. (AC +2)
You regenerate magic rapidly.
You have a small tail.


Message History

You see here a +0 cloak.
m - a +0 cloak You start putting on your armour.
You continue putting on your +0 cloak. x4
You finish putting on your +0 cloak.
Key pressed, stopping explore.
HP restored.
Things that are here:
a +0 whip; a gnoll corpse You see here a +2 halberd of freezing.
Found a mace.
Found a stone staircase leading up.
You see here a +0 mace.
You open the door.
There is an open door here.
Key pressed, stopping explore.
d - 3 fuming inky potions (gained 1)
Found a ring mail.
n - a +4 ring of protection You open the door.
Found a stone staircase leading down.
n - a +4 ring of protection (left hand)
Okay, then.
You start putting on your amulet.
You continue putting on your amulet of the acrobat. x5
You finish putting on your amulet of the acrobat.
You feel ready to tumble and roll out of harm's way.
g - an amulet of the acrobat (around neck)
There is an open door here.
Key pressed, stopping explore.
Key pressed, stopping explore.
Key pressed, stopping explore.
You now have 155 gold pieces (gained 13).
Found a shadowy altar of Dithmenos.
A dart slug comes into view.
A dart slug is nearby!
A dart slug is nearby!
A dart slug is nearby!
A dart slug is nearby!
A dart slug is nearby!
You hit the dart slug.
The dart slug is severely wounded.
Your +1 spectral war axe hits the dart slug.
You kill the dart slug!
Your +1 spectral war axe disappears.
Key pressed, stopping explore.
No target in view!
Key pressed, stopping explore.
No target in view!
Key pressed, stopping explore.
No target in view!
Key pressed, stopping explore.
No target in view!
Key pressed, stopping explore.
No target in view!
Key pressed, stopping explore.
No target in view!
Found 5 stones.
No target in view!
Key pressed, stopping explore.
No target in view!
A black bear comes into view.
A black bear is nearby!
A black bear is nearby!
You slash the black bear!
Your tail-slap misses the black bear.
The black bear is severely wounded.
Your +1 spectral war axe hits the black bear.
The black bear goes berserk!
An ogre comes into view. It is wielding a +0 giant spiked club.
There are monsters nearby!
You barely miss the black bear. You tail-slap the black bear.
The black bear is almost dead.
Your +1 spectral war axe hits the black bear!
You kill the black bear!
Your +1 spectral war axe hits the ogre.
You block the ogre's attack.
An ogre is nearby!
You hit the ogre.
The ogre is lightly wounded.
Your +1 spectral war axe barely misses the ogre.
You hit the ogre but do no damage.
The ogre is lightly wounded.
Your +1 spectral war axe hits the ogre.
The ogre hits you with a +0 giant spiked club!
An ogre is nearby!
You barely miss the ogre.
The ogre is lightly wounded.
Your +1 spectral war axe hits the ogre.
The ogre closely misses you.
An ogre is nearby!
You slash the ogre! You tail-slap the ogre.
The ogre is severely wounded.
Your +1 spectral war axe hits the ogre!
You kill the ogre!
Your Axes skill increases to level 7!
You have reached level 7!
Your demonic ancestry asserts itself...
Yellow scales grow over part of your body.
Your +1 spectral war axe disappears.
You see here a +0 giant spiked club.
There is an open door here.
o - a scroll labelled QAZUKE WILO Are you sure you want to abandon this character and quit the game? (Confirm with "yes".)

......#.)....#........#
#.#####.#...#########.#
...#####.##.## #.#
#.......##.# #.#
#.########.##########.##
##'#.......§...##
##....≈§≈≈≈≈≈≈§..###
##.....≈.......≈....#
#...(@.§^≈≈≈≈≈.≈.##.#
#......§≈.≈...≈.≈.##.##
.'......§≈§≈._.≈.≈......
###.......≈.≈...≈.§§##.##
##......≈..≈≈≈≈.≈....#
##.....≈......§≈.§###
##....≈.≈≈§≈≈≈≈§#
##+#........... ..#


There were no monsters in sight!

Vanquished Creatures
  Sigmund (D:2)
  A black bear (D:5)
  An ogre (D:5)
  2 orc priests (D:3)
  A gnoll bouda (D:5)
  An orc wizard (D:3)
  4 gnolls
  5 adders
  2 dart slugs
  6 orcs (D:3)
  2 ball pythons
  A bat (D:3)
  3 endoplasms (D:1)
  2 giant cockroaches (D:1)
  5 goblins
  5 jackals
  2 kobolds
  3 quokkas (D:1)
  A frilled lizard (D:1)
  2 rats (D:1)
50 creatures vanquished.

Notes
Turn   | Place    | Note
-------+----------+-------------------------------------------
     0 | D:1      | Dani the Demonspawn Fighter began the quest for the Orb.
     0 | D:1      | Reached XP level 1. HP: 18/18 MP: 1/1
    12 | D:1      | Reached skill level 2 in Axes
   154 | D:1      | Gained mutation: You have a small tail. [demonic ancestry]
   154 | D:1      | Reached XP level 2. HP: 24/24 MP: 2/2
   249 | D:1      | Reached skill level 3 in Axes
   251 | D:1      | Reached XP level 3. HP: 14/29 MP: 3/3
   972 | D:2      | Noticed Sigmund
   986 | D:2      | HP: 3/29 [something/magic dart (5)]
   987 | D:2      | Killed Sigmund
   988 | D:2      | Reached skill level 5 in Axes
   988 | D:2      | Gained mutation: You regenerate magic rapidly. [demonic
                  | ancestry]
   988 | D:2      | Reached XP level 4. HP: 4/35 MP: 4/4
   988 | D:2      | Reached XP level 5. HP: 5/41 MP: 5/5
  1611 | D:3      | Reached XP level 6. HP: 36/47 MP: 6/6
  1616 | D:3      | Reached skill level 6 in Axes
  1991 | D:3      | You fall into a shaft and drop 2 floors!
  1991 | D:5      | Entered Level 5 of the Dungeon
  2056 | D:5      | HP: 10/47 [gnoll/+0 halberd[a gnoll bouda] (11)]
  2305 | D:5      | Found a shadowy altar of Dithmenos.
  2347 | D:5      | Reached skill level 7 in Axes
  2347 | D:5      | Gained mutation: You are partially covered in yellow
                  | scales. (AC +2) [demonic ancestry]
  2347 | D:5      | Reached XP level 7. HP: 39/52 MP: 7/7
  2402 | D:5      | Quit the game

Illustrated notes

Levels and vault maps discovered:
D:1:      scummos_arrival_checkerplants, layout_loops_ring
D:2:      layout_basic, uniq_sigmund
D:3:      mumra_celtic_spiral_tile, layout_basic
D:5:      layout_loops_corners, mainiacjoe_overflow_concentric_impassable,
          st_stairs_8

Skill      XL: |  1  2  3  4  5  6 |
---------------+-------------------+-----
Axes           | 2 3 5 7 |  7.2
Fighting       | |  3.0
Armour         | |  2.6
Shields        | |  2.6

Action                     |  1- 3 |  4- 6 |  7- 9 || total
---------------------------+-------+-------+-------++-------
  Melee: War axe           |    69 |    60 |       ||   129
         Tailslap          |     2 |     5 |       ||     7
    Use: Scroll            |     8 |     2 |       ||    10
         Potion            |     1 |     1 |       ||     2
 Armour: Scale mail        |    25 |    17 |       ||    42
  Dodge: Dodged            |    27 |    21 |       ||    48
  Block: Buckler           |    10 |    14 |       ||    24

Levels and vault maps discovered:
D:1:      scummos_arrival_checkerplants, layout_loops_ring
D:2:      layout_basic, uniq_sigmund
D:3:      mumra_celtic_spiral_tile, layout_basic
D:5:      layout_loops_corners, mainiacjoe_overflow_concentric_impassable,
          st_stairs_8

Table legend: (Time is in decaauts)
 A = Elapsed time spent in this place.
 B = Non-inter-level travel time spent in this place.
 C = Inter-level travel time spent in this place.
 D = Time resting spent in this place.
 E = Time spent auto-exploring this place.
 F = Levels seen in this place.
 G = Mean time per level.
                   A        B        C        D        E       F      G
               +--------+--------+--------+--------+--------+-----+--------+
         Total |   2428 |   2365 |     63 |      0 |   1971 |   4 |  607.0 |
       Dungeon |   2428 |   2365 |     63 |      0 |   1971 |   4 |  607.0 |
               +--------+--------+--------+--------+--------+-----+--------+

Top non-repeatable levels by time:
     D:1: 839 daAuts
     D:2: 743 daAuts
     D:3: 431 daAuts
     D:5: 413 daAuts

Table legend:
 A = Kills in this place as a percentage of kills in the entire game.
 B = Kills by you in this place as a percentage of kills by you in the entire game.
 C = Kills by friends in this place as a percentage of kills by friends in the entire game.
 D = Other kills in this place as a percentage of other kills in the entire game.
 E = Experience gained in this place as a percentage of experience gained in the entire game.
 F = Experience gained in this place divided by the number of levels of this place that you have seen.
                   A       B       C       D       E      F
               +-------+-------+-------+-------+-------+----------------------
         Total | 100.0 | 100.0 |   N/A |   N/A | 100.0 | 203.0
       Dungeon | 100.0 | 100.0 |   N/A |   N/A | 100.0 | 203.0
               +-------+-------+-------+-------+-------+----------------------
